 Dungeon Crawl Stone Soup version 0.26-a0-1145-gf5f8a83f67 (webtiles) character file.

Game seed: 13607101374237043772

0 Gargoyl the Skirmisher (level 1, -29/16 HPs)
             Began as a Gnoll Abyssal Knight on Dec 22, 2020.
             Was a Follower of Lugonu.
             Killed from afar by a balrug (41 damage)
             ... with a bolt of fire
             ... on level 1 of the Abyss.
             The game lasted 00:00:24 (81 turns).

Gargoyl the Skirmisher (Gnoll Abyssal Knight)         Turns: 81, Time: 00:00:25

Health: -29/16     AC:  3    Str: 14    XL:     1   Next: 0%
Magic:  3/3        EV: 12    Int: 14    God:    Lugonu [*.....]
Gold:   0          SH:  0    Dex: 14    Spells: 0/0 levels left

rFire    . . .     SeeInvis .   a - +1 hand axe
rCold    . . .     Faith    .   (no shield)
rNeg     . . .     Spirit   .   b - +0 leather armour
rPois    .         Reflect  .   (no helmet)
rElec    .         Harm     .   (no cloak)
rCorr    .         Rampage  .   (no gloves)
Will     .....                  (no boots)
Stlth    +.........             (no amulet)
HPRegen  0.05/turn              (no ring)
MPRegen  0.08/turn              (no ring)

@: mighty
A: distributed training, fangs 1, [frail 3], strong nose
a: Renounce Religion, Depart the Abyss


You were on level 1 of the Abyss.
You worshipped Lugonu.
Lugonu was aware of your devotion.
You visited 0 branches of the dungeon, and saw 0 of its levels.
You visited the Abyss 1 time.

Inventory:

Hand Weapons
 a - a +1 hand axe (weapon)
Armour
 b - a +0 leather armour (worn)


   Skills:
 + Level 6.4 Fighting
 + Level 0.0 Short Blades
 + Level 0.0 Long Blades
 + Level 4.4 Axes
 + Level 0.0 Maces & Flails
 + Level 0.0 Polearms
 + Level 0.0 Staves
 + Level 0.0 Slings
 + Level 0.0 Bows
 + Level 0.0 Crossbows
 + Level 0.0 Throwing
 + Level 4.4 Armour
 + Level 2.3 Dodging
 + Level 0.0 Stealth
 + Level 0.0 Shields
 + Level 0.0 Unarmed Combat
 + Level 0.0 Spellcasting
 + Level 0.0 Conjurations
 + Level 0.0 Hexes
 + Level 0.0 Summonings
 + Level 0.0 Necromancy
 + Level 0.0 Translocations
 + Level 0.0 Transmutations
 + Level 0.0 Fire Magic
 + Level 0.0 Ice Magic
 + Level 0.0 Air Magic
 + Level 0.0 Earth Magic
 + Level 0.0 Poison Magic
 + Level 4.4 Invocations
 + Level 0.0 Evocations


You couldn't memorise any spells.
You didn't know any spells.
Your spell library was empty.

Dungeon Overview and Level Annotations

Branches:
Dungeon (0/15)

Altars:


Innate Abilities, Weirdness & Mutations

Your experience applies equally to all skills.
You have very sharp teeth.
Your uncanny sense of smell can sniff out nearby items.
[You are extremely frail. (-30% HP)]


Message History

Unknown command.
You closely miss the ufetubus. The ufetubus closely misses you.
The ufetubus misses you.
The ynoxinul gestures.
You hit the ufetubus. Your bite misses the ufetubus.
The ufetubus is severely wounded.
The ufetubus misses you. x2
You hit the ynoxinul. You bite the ynoxinul!
The ynoxinul is heavily wounded.
Unknown command.
You slash the ynoxinul!
The ynoxinul is severely wounded.
The ynoxinul misses you.
You slash the ynoxinul!
You kill the ynoxinul!
The ufetubus disappears in a puff of smoke!
The balrug gestures at you. The bolt of fire hits you!!!
Ouch! That really hurt!
You die...

###§#.#2.... # #
..t .§ .####...# .
.##. . #.#.... #
.. .... ##..#....#
..#
..##.#.##...5#.*.#
. #.. ..
#.#....§...# ...#.
..# .##t*##.# .#
.# # #*#2.##
#.....### .#@# ∆
#..## # ..### .###
.....###.. # .
..##.. ##.###.. .
#. ..


You could see a balrug, a wretched star and an apocalypse crab.

Vanquished Creatures
  A ynoxinul (Abyss:1)
1 creature vanquished.

Notes
Turn   | Place    | Note
-------+----------+-------------------------------------------
     0 | Abyss:1  | Gargoyl the Gnoll Abyssal Knight began the quest for the
                  | Orb.
     0 | Abyss:1  | Reached XP level 1. HP: 23/23 MP: 3/3
    65 | Abyss:1  | Noticed a balrug
    65 | Abyss:1  | Noticed an apocalypse crab
    66 | Abyss:1  | Noticed a ynoxinul
    68 | Abyss:1  | Noticed a wretched star
    81 | Abyss:1  | Killed a ynoxinul
    81 | Abyss:1  | Killed from afar by a balrug

Illustrated notes

Levels and vault maps discovered:
Abyss:1:  base: Temple, base:
Temple

Action                   || total
-------------------------++-------
Melee: Hand axe          ||     8
       Bite              ||     1
Armor: Leather armour    ||     3
Dodge: Dodged            ||    11

Table legend: (Time is in decaauts)
 A = Elapsed time spent in this place.
 B = Non-inter-level travel time spent in this place.
 C = Inter-level travel time spent in this place.
 D = Time resting spent in this place.
 E = Time spent auto-exploring this place.
 F = Levels seen in this place.
 G = Mean time per level.
                   A        B        C        D        E       F      G
               +--------+--------+--------+--------+--------+-----+--------+
         Total |     81 |     81 |      0 |      0 |     65 |   1 |   81.0 |
         Abyss |     81 |     81 |      0 |      0 |     65 |   1 |   81.0 |
               +--------+--------+--------+--------+--------+-----+--------+

Top non-repeatable levels by time:
 Abyss:1: 81 daAuts
